 Dungeon Crawl Stone Soup version 0.22-a0-458-gb446440d2e (webtiles) character file.

241802 Kriby the Severer (level 20, -1/158 (162) HPs)
             Began as a Human Abyssal Knight on June 7, 2018.
             Was the Champion of Lugonu.
             Killed from afar by an ice dragon (3 damage)
             ... with a blast of cold
             ... on level 2 of the Vaults on June 8, 2018.
             The game lasted 01:32:24 (62700 turns).

Kriby the Severer (Human Abyssal Knight)           Turns: 62700, Time: 01:32:24

HP:   -1/158 (162)  AC: 21    Str: 21    XL:     20   Next: 14%
MP:   27/27         EV: 18    Int: 13    God:    Lugonu [******]
Gold: 3108          SH: 13    Dex: 13    Spells: 19/19 levels left

rFire    + . .     SeeInvis +   G - +4 broad axe (elec)
rCold    + + .     Gourm    .   E - +0 shield
rNeg     + . .     Faith    .   i - +0 swamp dragon scales
rPois    +         Spirit   .   r - +2 helmet
rElec    .         Reflect  .   H - +2 cloak
rCorr    .         Harm     .   h - +0 pair of gloves
MR       +++++     Clarity  +   U - +0 pair of boots
Stlth    +.........             d - amulet of the Four Winds {rN+ MR+++ Clar}
HPRegen  0.36/turn              s - +3 ring of slaying
MPRegen  0.20/turn              X - ring "Dovaur" {*Drain rF+ rC++ MR+ SInv, !R}

@: no status effects
A: clarity, magic resistance 1, wild magic 1
}: 2/15 runes: decaying, gossamer
a: Depart the Abyss, Bend Space, Banish, Corrupt, Enter the Abyss, Renounce
Religion


You were on level 2 of the Vaults.
You worshipped Lugonu.
Lugonu was exalted by your worship.
You were not hungry.

You visited 5 branches of the dungeon, and saw 31 of its levels.
You visited the Abyss 1 time.
You also visited: Bailey, Ice Cave and Volcano.

You collected 3282 gold pieces.
You spent 174 gold pieces at shops.

Inventory:

Hand Weapons
 w - a +2 broad axe of freezing
 G - a +4 broad axe of electrocution (weapon)
 L - a +2 scimitar of flaming
Missiles
 x - a throwing net
 V - 18 javelins (quivered)
Armour
 e - a +2 ring mail of fire resistance
 h - a +0 pair of gloves (worn)
 i - +0 swamp dragon scales (worn)
 r - a +2 helmet (worn)
 E - a +0 shield (worn)
 H - a +2 cloak (worn)
 U - a +0 pair of boots (worn)
 W - a +0 plate armour of cold resistance
Jewellery
 d - the amulet of the Four Winds (around neck) {rN+ MR+++ Clar}
   (You found it on level 8 of the Dungeon)

   [amulet of nothing]

   It protects you from negative energy.
   It affects your resistance to hostile enchantments.
   It protects you against confusion.
 j - the amulet of Saqe {Faith Int+4}
   (You found it in an ice cave)

   [amulet of faith]

   It allows you to gain divine favour quickly.
   It affects your intelligence (+4).
 m - an uncursed ring of protection from magic
 n - an uncursed ring of positive energy
 o - an uncursed ring of poison resistance
 s - a +3 ring of slaying (left hand)
 X - the ring "Dovaur" (right hand) {*Drain rF+ rC++ MR+ SInv, !R}
   (You found it in an ice cave)

   [ring of protection from fire]

   It protects you from fire.
   It greatly protects you from cold.
   It affects your resistance to hostile enchantments.
   It lets you see invisible.
   It causes draining when unequipped.
Wands
 p - a wand of paralysis (13)
 C - a wand of iceblast (12) {@v4}
 M - a wand of digging (12) {@v1}
 Q - a wand of acid (3) {@v2}
Scrolls
 f - 23 scrolls of remove curse {@r2}
 g - 6 scrolls of magic mapping
 k - 2 scrolls of immolation
 l - 11 scrolls of identify {@r1}
 q - 2 scrolls of blinking {@r4}
 t - 3 scrolls of fog
 u - 5 scrolls of enchant armour
 y - 3 scrolls of amnesia
 J - 2 scrolls of enchant weapon
 K - 2 scrolls of fear
 O - 10 scrolls of teleportation {@r3}
Potions
 a - 2 potions of ambrosia
 b - a potion of experience
 z - 2 potions of cancellation
 A - a potion of mutation
 D - 4 potions of flight
 F - 4 potions of magic
 I - 3 potions of lignification
 R - 9 potions of curing {@q1}
 S - a potion of agility {@q5}
 T - 3 potions of heal wounds {@q2}
 Y - 2 potions of brilliance
Miscellaneous
 N - a phial of floods
Comestibles
 c - 34 rations {@e1}


   Skills:
 + Level 15.1 Fighting
 + Level 17.1 Axes
 + Level 13.0 Armour
 + Level 13.0 Dodging
 + Level 12.9 Shields
 - Level 10.0 Invocations
 - Level 10.0 Evocations


You had 19 spell levels left.
You didn't know any spells.
Your spell library contained the following spells:

 Spells                   Type           Power        Failure   Level  Hunger
 Cause Fear               Hex            #.........   100%        4    #####..
 Magic Dart               Conj           #...         58%         1    ##.....
 Apportation              Tloc           #.....       58%         1    ##.....
 Conjure Flame            Conj/Fire      #.......     90%         3    ####...
 Bolt of Fire             Conj/Fire      #.........   100%        6    #######
 Bolt of Cold             Conj/Ice       #.........   100%        6    #######
 Bolt of Magma            Conj/Fire/Erth #.........   100%        5    ######.
 Slow                     Hex            #.......     73%         2    ###....
 Freezing Cloud           Conj/Ice/Air   #.........   100%        6    #######
 Mephitic Cloud           Conj/Pois/Air  #.......     90%         3    ####...
 Venom Bolt               Conj/Pois      #.........   100%        5    ######.
 Teleport Other           Tloc           #.......     90%         3    ####...
 Summon Small Mammal      Summ           #...         58%         1    ##.....
 Blink                    Tloc           N/A          73%         2    ###....
 Animate Skeleton         Necr           N/A          58%         1    ##.....
 Ozocubu's Refrigeration  Ice            #.........   100%        6    #######
 Summon Ice Beast         Ice/Summ       #.......     100%        4    #####..
 Call Imp                 Summ           #.......     73%         2    ###....
 Regeneration             Chrm/Necr      #.........   90%         3    ####...
 Iron Shot                Conj/Erth      #.........   100%        6    #######
 Ice Form                 Ice/Tmut       #.......     100%        4    #####..
 Dragon Form              Tmut           #.........   100%        7    #######
 Deflect Missiles         Chrm/Air       #.........   100%        6    #######
 Confusing Touch          Hex            #.....       58%         1    ##.....
 Flame Tongue             Conj/Fire      #....        58%         1    ##.....
 Call Canine Familiar     Summ           #.......     90%         3    ####...
 Metabolic Englaciation   Hex/Ice        #.........   100%        5    ######.
 Silence                  Hex/Air        #.........   100%        5    ######.
 Simulacrum               Ice/Necr       #.........   100%        6    #######
 Passage of Golubria      Tloc           N/A          100%        4    #####..
 Orb of Destruction       Conj           #.........   100%        7    #######
 Shroud of Golubria       Chrm/Tloc      #.........   73%         2    ###....
 Iskenderun's Battlesphe  Conj/Chrm      #.......     100%        5    ######.
 Infusion                 Chrm           #...         58%         1    ##.....
 Song of Slaying          Chrm           #.......     73%         2    ###....
 Spectral Weapon          Hex/Chrm       #.......     90%         3    ####...
 Discord                  Hex            #.........   100%        8    #######
 Summon Lightning Spire   Summ/Air       #.......     100%        4    #####..
 Summon Guardian Golem    Hex/Summ       #.......     90%         3    ####...
 Dragon's Call            Summ           #.........   100%        9    #######
 Spellforged Servitor     Conj/Summ      #.........   100%        7    #######
 Gell's Gravitas          Tloc           #.........   90%         3    ####...
 Yara's Violent Unravell  Hex/Tmut       #.........   100%        5    ######.
 Lesser Beckoning         Tloc           #.........   90%         3    ####...


Dungeon Overview and Level Annotations

Branches:
Dungeon (15/15)            Temple (0/1) D:6            Lair (6/6) D:9
  Swamp (4/4) Lair:3       Spider (4/4) Lair:2        Slime (0/5) Lair:6
    Orc (0/2) D:12         Vaults (2/5) D:14         Depths (0/5) D:15
  Crypt: Vaults:2-3

Altars:
Dithmenos
Elyvilon
Gozag
Hepliaklqana
Kikubaaqudgha
Makhleb
Nemelex Xobeh
Ru
Vehumet
Wu Jian
Xom
Beogh

Shops:
D:4 *(=(*   D:8 %

Annotations:
D:6 Kriby's ghost, novice HuAK
Lair:3 exclusion: oklob plant
Swamp:2 exclusion: Roxanne, Roxanne
Swamp:4 Lernaean hydra
Abyss:1 Bai Suzhen


Innate Abilities, Weirdness & Mutations

You possess an exceptional clarity of mind.
You are resistant to hostile enchantments. (MR+)
Your spells are a little harder to cast, but a little more powerful.


Message History

The ice dragon is lightly wounded.
The stone giant throws a large rock.
The large rock hits you!!
You are too injured to fight recklessly!
You completely miss the ice dragon.
The ice dragon is lightly wounded.
The ice dragon bites you.
* * * LOW HITPOINT WARNING * * *
The ice dragon barely misses you. The ice dragon completely misses you.
The ogre mage points at you and mumbles some strange words.
The bolt of cold hits the ice dragon.
The ice dragon resists.
The bolt of cold hits you! You resist.
* * * LOW HITPOINT WARNING * * *
You are too injured to fight recklessly!
You slice the ice dragon!!
The ice dragon is moderately wounded.
The stone giant throws a large rock.
The large rock hits you!!!
* * * LOW HITPOINT WARNING * * *
The ice dragon breathes frost at you. The blast of cold hits you! You resist.
You die...

#.....# #.....#
#.....#
########.....#
#......#.....#
#......#†....#
#......#.)...####
'......#)........
#......OD@.......
#.....)#......?..
#!.....#.........
#......#.........
##'######C#######
#. #.# . ... ...


You could see an ice dragon, a stone giant and an ogre mage.

Vanquished Creatures
  Mara (Spider:4)
  Arachne (Spider:4)
  A tentacled monstrosity (Vaults:1)
  A sphinx (Vaults:1)
  Kirke (Lair:5)
  A storm dragon (Vaults:1)
  Aizul (Swamp:1)
  6 emperor scorpions
  5 ghost moths
  4 vault wardens
  The ghost of nubinia the Basher, a journeyman GrEE of Ashenzari (Swamp:3)
  2 entropy weavers
  3 ironheart preservers (Vaults:2)
  2 very ugly things
  Azrael (Spider:2)
  3 spark wasps (Spider:4)
  Josephine (D:9)
  A fire dragon (Volcano)
  A great orb of eyes (shapeshifter) (Vaults:1)
  2 yaktaur captains (Vaults:1)
  5 vault guards
  3 ice dragons
  A rakshasa (Vaults:2)
  2 ghost crabs (Swamp:4)
  18 hydras
  Erica (Lair:1)
  4 centaur warriors
  A two-headed ogre (shapeshifter) (Vaults:1)
  5 ogre magi
  8 alligators
  13 two-headed ogres
  A hell hog (Volcano)
  An orc high priest (Bailey)
  10 death yaks
  A tengu warrior (D:14)
  3 unseen horrors
  15 swamp dragons
  The ghost of HANFGEIST the Transmogrifier, a novice OpTm of Ashenzari (D:8)
  A glowing orange brain (Vaults:2)
  A spriggan druid (Swamp:2)
  A shambling mangrove (Swamp:1)
  4 ironbrand convokers
  3 wizards
  5 harpies (Vaults:2)
  A necromancer (Spider:2)
  A deep elf mage (D:15)
  3 orc sorcerers (D:15)
  17 orb spiders
  3 orc knights
  32 wolf spiders
  10 wolf spider zombies
  11 ugly things
  9 slime creatures
  2 cyclopes
  4 manticores
  2 black mambas
  3 centaur zombies
  2 ice statues (IceCv)
  5 vault sentinels (Vaults:1)
  4 orange demons (D:14)
  9 spiny frogs
  3 gargoyles
  2 molten gargoyles (Volcano)
  The ghost of crazyass the Changer, a novice DrTm (D:4)
  2 torpor snails
  2 rime drakes (IceCv)
  9 komodo dragons
  A kobold demonologist (Bailey)
  4 yaktaurs (Vaults:1)
  6 redback zombies
  7 demonic crawlers
  A queen bee (shapeshifter) (Vaults:2)
  11 trolls
  Grinder (D:4)
  8 tyrant leeches
  A harpy zombie (D:15)
  10 hippogriffs
  25 jumping spiders
  3 meliai (D:13)
  6 polar bears
  22 hornets
  13 tarantella zombies (Spider:2)
  7 blink frogs
  2 bog bodies
  2 dream sheep (Lair:6)
  22 tarantellas
  53 redbacks
  39 yaks
  16 spriggans
  2 shadows
  3 hogs
  9 fire bats (Volcano)
  A vampire (D:13)
  7 wraiths
  A wyvern (Lair:4)
  5 fire elementals (Spider:2)
  A steam dragon (D:14)
  2 water elementals (D:13)
  2 basilisks
  28 vampire mosquitoes
  Grum (D:8)
  5 hungry ghosts
  A warg (Vaults:2)
  9 swamp worms
  Edmund (D:4)
  2 hell hounds
  8 insubstantial wisps
  3 acid dragons
  4 water moccasins
  A soldier ant (D:14)
  A floating eye (shapeshifter) (Vaults:2)
  3 sky beasts
  12 porcupines
  9 swamp drakes
  A meliai simulacrum (D:13)
  19 orc warriors
  14 ice beasts (IceCv)
  6 black bears
  A necrophage (D:15)
  13 ogres
  A phantom (D:7)
  9 boggarts
  An eye of draining (D:13)
  31 wolves
  18 centaurs
  7 crocodiles
  19 bullfrogs
  4 big kobolds
  A gnoll sergeant (D:8)
  2 human simulacra
  2 wyvern zombies
  4 wyvern skeletons
  A water moccasin zombie (D:10)
  9 scorpions
  5 wights (D:7)
  11 killer bees
  9 electric eels
  4 howler monkeys
  4 crimson imps
  A wyvern simulacrum (D:13)
  3 bullfrog zombies
  A quasit (D:12)
  4 bullfrog skeletons
  4 centaur skeletons
  5 jellies
  9 hounds
  9 orc priests
  Natasha (thrice) (D:3)
  6 iguanas
  11 orc wizards
  9 worker ants
  A killer bee zombie (D:8)
  A bullfrog simulacrum (D:13)
  A hound skeleton (D:6)
  A howler monkey zombie (D:7)
  A worker ant zombie (D:9)
  15 adders
  14 gnolls
  2 shadow imps
  5 white imps (D:13)
  An ufetubus (D:13)
  5 oozes (D:8)
  An adder zombie (D:5)
  2 adder skeletons
  3 worms
  3 dart slugs
  7 leopard geckos
  57 orcs
  5 bats
  5 giant cockroaches
  12 goblins
  14 hobgoblins
  14 jackals
  8 quokkas
  4 ball pythons
  5 frilled lizards
  A jackal zombie (D:5)
  29 kobolds
  7 rats
  A butterfly (D:6)
  18 fungi
  9 plants
1178 creatures vanquished.

Vanquished Creatures (collateral kills)
  the Lernaean hydra (Swamp:4)
  Nikola (Vaults:1)
  A vault warden (Vaults:1)
  A death yak (Lair:2)
  A swamp drake (Swamp:4)
5 creatures vanquished.

Vanquished Creatures (others)
  A hydra (Swamp:2)
  A spriggan druid (Swamp:4)
  An ironbrand convoker (Vaults:1)
  A blink frog (shapeshifter) (Vaults:1)
  A slime creature (D:13)
  2 swamp worms (Swamp:3)
  An orc wizard (D:8)
  26 fungi
  10 plants
44 creatures vanquished.

Grand Total: 1227 creatures vanquished

Notes
Turn   | Place    | Note
-------+----------+-------------------------------------------
     0 | Abyss:1  | Kriby the Human Abyssal Knight began the quest for the Orb.
     0 | Abyss:1  | Reached XP level 1. HP: 18/18 MP: 2/2
    96 | Abyss:1  | Noticed a small abomination
   102 | Abyss:1  | Noticed a raiju
   106 | D:1      | Escaped the Abyss
   813 | D:1      | Reached XP level 2. HP: 11/24 MP: 3/3
  1770 | D:1      | Reached XP level 3. HP: 27/29 MP: 4/4
  1920 | D:2      | Reached skill level 3 in Axes
  1926 | D:2      | Reached * piety under Lugonu
  2582 | D:2      | Reached XP level 4. HP: 33/35 MP: 5/5
  3089 | D:2      | Reached skill level 4 in Axes
  3096 | D:2      | Reached XP level 5. HP: 31/42 MP: 6/6
  3193 | D:2      | Found a sacrificial altar of Ru.
  3196 | D:2      | Found a shadowy altar of Dithmenos.
  3198 | D:2      | Found a sparkling altar of Nemelex Xobeh.
  3200 | D:2      | Found a hazy altar of Hepliaklqana.
  3200 | D:2      | Found a shimmering altar of Xom.
  3201 | D:2      | Found a radiant altar of Vehumet.
  3202 | D:2      | Found an opulent altar of Gozag.
  3204 | D:2      | Found a white marble altar of Elyvilon.
  3214 | D:2      | Found a burning altar of Makhleb.
  3802 | D:3      | Noticed Natasha
  3805 | D:3      | Killed Natasha
  3805 | D:3      | Reached ** piety under Lugonu
  3940 | D:3      | Noticed Natasha
  3952 | D:3      | Killed Natasha
  4064 | D:3      | Noticed Natasha
  4085 | D:3      | Killed Natasha
  4085 | D:3      | Reached XP level 6. HP: 41/49 MP: 7/7
  4125 | D:2      | Reached skill level 5 in Axes
  4431 | D:4      | Found Keamn's Jewellery Boutique.
  4547 | D:4      | Noticed crazyass's ghost (novice DrTm)
  4650 | D:4      | Killed crazyass's ghost
  4650 | D:4      | Reached skill level 5 in Fighting
  4650 | D:4      | Reached skill level 6 in Axes
  4650 | D:4      | Reached XP level 7. HP: 9/56 MP: 8/8
  4969 | D:4      | Found Nyguafeb's Weapon Emporium.
  4975 | D:4      | Noticed Grinder
  4981 | D:4      | Noticed Edmund
  5028 | D:4      | Killed Edmund
  5044 | D:4      | Paralysed by Grinder for 6 turns
  5048 | D:4      | Killed Grinder
  5048 | D:4      | Reached skill level 7 in Axes
  5048 | D:4      | Reached XP level 8. HP: 57/64 MP: 9/9
  5138 | D:4      | Found Ufuylaar's Assorted Antiques.
  5146 | D:4      | Bought a brown potion for 21 gold pieces
  5146 | D:4      | Bought an encrusted fluorescent wand for 96 gold pieces
  5146 | D:4      | Bought a sapphire potion for 21 gold pieces
  5147 | D:4      | Gained mutation: Your spells are a little harder to cast, but a little more powerful. [potion of mutation]
  5147 | D:4      | Gained mutation: You possess an exceptional clarity of mind. [potion of mutation]
  5147 | D:4      | Gained mutation: You are resistant to hostile enchantments. (MR+) [potion of mutation]
  5233 | D:4      | Found Ugimna's Antique Weapon Boutique.
  5251 | D:4      | Found Couxt's Assorted Antiques.
  5291 | D:4      | Bought a smoky ruby potion for 17 gold pieces
  5291 | D:4      | Bought a scroll labeled CAUHON LAUN for 19 gold pieces
  5538 | D:5      | Entered Level 5 of the Dungeon
  5964 | D:5      | Found an ornate altar of the Wu Jian Council.
  5976 | D:5      | Reached skill level 8 in Axes
  6877 | D:6      | Found an ancient bone altar of Kikubaaqudgha.
  6990 | D:6      | Reached *** piety under Lugonu
  7210 | D:6      | Found a staircase to the Ecumenical Temple.
  7415 | D:6      | Reached XP level 9. HP: 60/71 MP: 10/10
  7612 | D:6      | Noticed Kriby's ghost (novice HuAK)
  8032 | D:7      | Reached skill level 9 in Axes
  8750 | D:7      | Reached skill level 10 in Axes
  9357 | D:8      | Noticed Grum
  9384 | D:8      | Killed Grum
  9718 | D:7      | Reached XP level 10. HP: 13/80 MP: 11/11
 10127 | D:8      | Noticed HANFGEIST's ghost (novice OpTm)
 10151 | D:8      | Killed HANFGEIST's ghost
 10151 | D:8      | Reached skill level 11 in Axes
 11139 | D:8      | Found Keraics's Food Emporium.
 11246 | D:8      | Found a transporter.
 11254 | D:8      | Found the amulet of the Four Winds {rN+ MR+++ Clar}
 11261 | D:8      | Found a roughly hewn altar of Beogh.
 11300 | D:8      | Reached **** piety under Lugonu
 11315 | D:8      | Reached skill level 1 in Shields
 11535 | D:8      | Found a transporter.
 11669 | D:9      | Reached skill level 12 in Axes
 11854 | D:9      | Found a staircase to the Lair.
 12181 | D:9      | Reached XP level 11. HP: 88/89 MP: 12/12
 12778 | D:10     | Entered Level 10 of the Dungeon
 13338 | D:10     | Noticed Josephine
 13372 | D:9      | Killed Josephine
 13882 | D:10     | Noticed a two-headed ogre
 13900 | D:10     | Killed a two-headed ogre
 13900 | D:10     | Reached ***** piety under Lugonu
 14571 | D:10     | Reached skill level 13 in Axes
 14805 | Lair:1   | Entered Level 1 of the Lair of Beasts
 15445 | Lair:1   | Noticed Erica
 15474 | Lair:1   | Killed Erica
 15474 | Lair:1   | Reached skill level 10 in Fighting
 15474 | Lair:1   | Reached XP level 12. HP: 51/97 MP: 14/14
 15837 | Lair:1   | Noticed a five-headed hydra
 15844 | Lair:1   | Killed a one-headed hydra
 15844 | Lair:1   | Reached skill level 5 in Armour
 16316 | Lair:1   | Noticed a six-headed hydra
 16325 | Lair:1   | Killed a three-headed hydra
 16325 | Lair:1   | Reached skill level 5 in Dodging
 16906 | Lair:2   | Found a dark tunnel.
 16927 | Lair:2   | Reached skill level 5 in Shields
 16961 | Volcano  | Entered a volcano
 17449 | Volcano  | Found a bloodstained altar of Trog.
 17449 | Volcano  | Noticed a hell hog
 17468 | Volcano  | Reached skill level 5 in Invocations
 17488 | Volcano  | Killed a hell hog
 17717 | Volcano  | Noticed a fire dragon
 17731 | Volcano  | Killed a fire dragon
 18537 | Lair:2   | Found a hole to the Spider Nest.
 18592 | Lair:2   | Noticed a death yak
 18611 | Lair:2   | Killed a death yak
 18611 | Lair:2   | Reached XP level 13. HP: 21/104 MP: 17/17
 19631 | Lair:2   | Identified the +10 falchion "Imp's Regret" {drain, *Noise rPois Str-3 Int+8} (You found it on level 2 of the Lair of Beasts)
 20555 | Lair:3   | Found a staircase to the Swamp.
 20812 | Lair:3   | Got a faintly glowing garnet amulet
 20813 | Lair:3   | Identified the amulet "Earthly Heaven" {Inacc +Fly} (You found it on level 3 of the Lair of Beasts)
 20955 | Lair:3   | Noticed a six-headed hydra
 20971 | Lair:3   | Killed a one-headed hydra
 22599 | Lair:4   | Noticed a five-headed hydra
 22615 | Lair:4   | Killed a one-headed hydra
 23140 | Lair:4   | Noticed a six-headed hydra
 23150 | Lair:4   | Killed a one-headed hydra
 23528 | Lair:5   | Found a frozen archway.
 23540 | IceCv    | Entered an ice cave
 24234 | IceCv    | Noticed an ice dragon
 24234 | IceCv    | Noticed an ice dragon
 24248 | IceCv    | Killed an ice dragon
 24256 | IceCv    | Killed an ice dragon
 24256 | IceCv    | Reached skill level 14 in Axes
 24564 | IceCv    | Got a scintillating ivory amulet
 24574 | IceCv    | Got a smoking marble ring
 24580 | IceCv    | Identified the amulet of Saqe {Faith Int+4} (You found it in an ice cave)
 24581 | IceCv    | Identified the ring "Dovaur" {*Drain rF+ rC++ MR+ SInv} (You found it in an ice cave)
 24707 | Lair:5   | Noticed Kirke
 24724 | Lair:4   | Reached XP level 14. HP: 91/113 MP: 20/20
 24908 | Lair:5   | Killed Kirke
 25679 | Lair:6   | Entered Level 6 of the Lair of Beasts
 26835 | Lair:5   | Reached skill level 1 in Evocations
 27417 | Lair:6   | Paralysed by a hornet for 1 turns
 29272 | Lair:6   | Reached ****** piety under Lugonu
 29665 | Lair:6   | Found a staircase to the Slime Pits.
 30222 | D:11     | Found a flagged portal.
 30229 | Bailey   | Entered a bailey
 30521 | Bailey   | Found an iron altar of Okawaru.
 32484 | D:12     | Reached XP level 15. HP: 113/120 MP: 22/22
 32542 | D:12     | Identified the cursed +0 scale mail of Decompression {rCorr Str+3} (You found it on level 12 of the Dungeon)
 32765 | D:12     | Found a staircase to the Orcish Mines.
 35718 | D:14     | Reached skill level 5 in Evocations
 36642 | D:14     | Found a gate to the Vaults.
 36826 | D:14     | Reached skill level 15 in Axes
 37525 | D:15     | Entered Level 15 of the Dungeon
 37659 | D:15     | Reached XP level 16. HP: 129/129 MP: 23/23
 38709 | D:15     | Reached skill level 10 in Armour
 38846 | D:15     | Found a staircase to the Depths.
 39542 | Swamp:1  | Entered Level 1 of the Swamp
 39565 | Swamp:1  | Noticed Aizul
 39584 | Swamp:1  | Killed Aizul
 40088 | Swamp:1  | Reached skill level 10 in Dodging
 40204 | Swamp:1  | Reached skill level 10 in Shields
 40563 | Swamp:1  | Identified a broad axe of distortion (a broad axe corrupted by Lugonu)
 40563 | Swamp:1  | Received a gift from Lugonu
 43858 | Swamp:2  | Reached XP level 17. HP: 78/137 MP: 24/24
 44049 | Swamp:2  | Noticed Roxanne
 44414 | Swamp:3  | Noticed Bai Suzhen
 44434 | Swamp:3  | Banished Bai Suzhen
 44483 | Swamp:3  | Noticed nubinia's ghost (journeyman GrEE)
 44528 | Swamp:3  | Killed nubinia's ghost
 45495 | Swamp:4  | Entered Level 4 of the Swamp
 47878 | Swamp:4  | Identified the +0 chain mail of Polish {rPois rC+ rCorr Stlth+} (You found it on level 4 of the Swamp)
 48059 | Swamp:4  | Noticed the 27-headed Lernaean hydra
 48064 | Swamp:4  | Killed the 27-headed Lernaean hydra
 48285 | Swamp:4  | Got a decaying rune of Zot
 48601 | Spider:1 | Entered Level 1 of the Spider Nest
 50699 | Spider:1 | You fall through a shaft!
 51895 | Spider:2 | Reached skill level 16 in Axes
 51896 | Spider:2 | Noticed Azrael
 51907 | Spider:2 | Killed Azrael
 51907 | Spider:2 | Reached XP level 18. HP: 145/145 MP: 25/25
 53250 | Spider:2 | Reached skill level 10 in Invocations
 55049 | Spider:3 | Identified the cursed +3 great mace of Tartarus {freeze, Str+3} (You found it on level 3 of the Spider Nest)
 55124 | Spider:4 | Entered Level 4 of the Spider Nest
 55849 | Spider:4 | Noticed Arachne
 55866 | Spider:4 | Killed Arachne
 56027 | Spider:4 | Noticed Mara
 56035 | Spider:4 | Noticed Kriby's illusion
 56332 | Spider:4 | Noticed Kriby's illusion
 56346 | Spider:4 | Killed Mara
 56768 | Spider:4 | Upgraded the game from 0.22-a0-456-g11ed031617 to 0.22-a0-458-gb446440d2e
 56810 | Spider:4 | Reached XP level 19. HP: 104/149 MP: 26/26
 57695 | Spider:4 | Reached skill level 10 in Evocations
 58359 | Spider:4 | Got a gossamer rune of Zot
 58691 | Vaults:1 | Entered Level 1 of the Vaults
 58842 | Vaults:1 | Noticed Nikola
 60397 | Vaults:1 | Killed Nikola
 60917 | Vaults:1 | Noticed a tentacled monstrosity
 60932 | Vaults:1 | Killed a tentacled monstrosity
 61923 | Vaults:1 | Reached skill level 15 in Fighting
 61934 | Vaults:2 | Reached skill level 17 in Axes
 62243 | Vaults:2 | Reached XP level 20. HP: 149/158 MP: 27/27
 62283 | Vaults:2 | Paralysed by a floating eye for 3 turns
 62292 | Vaults:2 | Paralysed by a floating eye for 2 turns
 62700 | Vaults:2 | HP: 2/158 [stone giant/large rock (39)]
 62700 | Vaults:2 | Killed from afar by an ice dragon

Vault maps used:
D:1:      evilmike_arrival_home_sweet_home
D:2:      minitemple
D:3:      uniq_natasha
D:4:      serial_shops, nicolae_shop_stone, nicolae_shop_waterfront,
          kennysheep_little_box, shop, shop, uniq_edmund, uniq_grinder
D:5:      old_standard_altar, first_ration
D:6:      kiku_gazebo_garden_becter, minmay_temple_entry_butterflies,
          hangedman_decor_riveting, roderic_roman_lattice
D:8:      gammafunk_beogh_shrine, serial_shops, nicolae_shop_behind_doors,
          hangedman_little_slice_of_home, uniq_grum
D:9:      due_lair_maze_entry_diamond
D:10:     uniq_josephine
D:11:     enter_bailey_2, water_maze_lemuel
D:12:     david_orc_3, skrybe_limestone_x
D:13:     serial_ice, serial_ice_m, serial_ice_h, serial_ice_i, serial_ice_c,
          serial_ice_f, serial_ice_b
D:14:     lightli_vaults_fourway_checkpoint, dk_noncrumbling_2,
          mumra_transporter_accident, minmay_stone_trees_small,
          einodemon_barbed_minivault
D:15:     grunt_enter_depths_magical_seal, feat_on_display
Lair:1:   uniq_erica
Lair:2:   minmay_lair_venomous_thicket, spider_nest_entry_web_field,
          nicolae_volcano_entry_lava_flow
Lair:3:   swamp_mist_pool, minmay_hedge_maze, minmay_lair_oklob_items,
          minivault_27, lemuel_fruit_fields
Lair:5:   portal_ice_cave_entry_pillars_2, guppyfry_lair_drakes, uniq_kirke
Lair:6:   minmay_lair_end_enchanted_forest, slime_dummy, serial_bayou_shore_a
Swamp:1:  nicolae_swamp_round_clearing, uniq_aizul
Swamp:2:  hangedman_swamp_ruin_wall, uniq_roxanne
Swamp:3:  evilmike_swamp_ruin_house_2, uniq_bai_suzhen
Swamp:4:  swamp_old_school, infiniplex_staircase_pool
Spider:2: lemuel_spider_zombies, uniq_azrael
Spider:4: spider_rune_water, uniq_arachne, uniq_mara
Vaults:1: v_rooms_2, nicolae_vaults_little_ls, dpeg_vaults_monster_row,
          st_octagons_1, nicolae_vaults_diagonal_hallway_9, v_misc_32,
          vaults_room_pool, uniq_nikola
Vaults:2: vaults_room_door_ring, nicolae_vaults_specimen_jars,
          ontoclasm_vaults_gallery, v_misc_23, nicolae_vaults_rhombus_5,
          hangedman_vaults_river_flow, ontoclasm_vaults_shuriken,
          vaults_mumra_hexcomb, minmay_crypt_entry_simple_box,
          grunt_vaults_hallway_long, nicolae_vaults_network_s,
          nicolae_vaults_asterisk, v_misc_30, nicolae_vaults_alarming
Bailey:   bailey_axe_of_yendor_kennysheep, bailey
IceCv:    ice_cave_small_dragons
Volcano:  volcano_lake

Skill      XL: |  1  2  3  4  5  6  7  8  9 10 11 12 13 14 15 16 17 18 19 20 |
---------------+-------------------------------------------------------------+-----
Axes           | 3 4 6 7 8 10 12 13 14 15 16 17 | 17.1
Fighting       | 4 5 6 8 9 10 11 12 13 14 15 | 15.1
Shields        | 2 4 5 7 8 9 10 11 12 | 12.9
Dodging        | 2 4 5 7 8 9 10 11 12 13 | 13.0
Armour         | 3 4 6 7 8 9 10 11 12 13 | 13.0
Invocations    | 3 6 8 9 10 | 10.0
Evocations     | 3 5 7 8 9 10 | 10.0

Action                   |  1- 3 |  4- 6 |  7- 9 | 10-12 | 13-15 | 16-18 | 19-21 || total
-------------------------+-------+-------+-------+-------+-------+-------+-------++-------
Melee: Hand axe          |    62 |       |       |       |       |       |       ||    62
       Dagger            |    27 |   254 |   363 |   118 |       |       |       ||   762
       Dire flail        |       |       |    33 |    20 |       |       |       ||    53
       War axe           |       |       |       |   701 |   986 |    40 |       ||  1727
       Scimitar          |       |       |       |     9 |    37 |    89 |       ||   135
       Broad axe         |       |       |       |       |   542 |  1334 |   459 ||  2335
Invok: Depart the Abyss  |     1 |       |       |       |       |       |       ||     1
       Bend Space        |       |       |       |       |     1 |     1 |       ||     2
       Brand Weapon With |       |       |       |       |       |     1 |       ||     1
       Banish            |       |       |       |       |       |     8 |       ||     8
Evoke: Wand              |       |       |       |    19 |    19 |    22 |    14 ||    74
       Sack of spiders   |       |       |       |       |     2 |     2 |     1 ||     5
       Phantom mirror    |       |       |       |       |       |     1 |       ||     1
       Phial of floods   |       |       |       |       |       |     1 |     1 ||     2
       Box of beasts     |       |       |       |       |       |     1 |       ||     1
  Use: Potion            |     1 |     7 |     8 |    17 |     8 |     5 |     1 ||    47
       Scroll            |       |    10 |     3 |     8 |    14 |     8 |     4 ||    47
 Stab: Paralysed         |       |       |       |    14 |     8 |    39 |    17 ||    78
       Invisible         |       |       |       |     7 |       |     1 |       ||     8
       Confused          |       |       |       |       |     7 |       |       ||     7
       Distracted        |       |       |       |       |     1 |       |       ||     1
  Eat: Chunk             |     5 |     6 |    10 |    16 |    37 |    21 |    14 ||   109
       Ration            |       |       |     2 |     4 |     9 |    14 |     1 ||    30
Armor: Leather armour    |     1 |       |       |       |       |       |       ||     1
       Chain mail        |    34 |    46 |       |       |       |       |       ||    80
       Ring mail         |       |    75 |    20 |     9 |       |       |       ||   104
       Skin              |       |     2 |       |    37 |       |       |       ||    39
       Scale mail        |       |       |   239 |   296 |    72 |       |       ||   607
       Plate armour      |       |       |       |       |   598 |   670 |       ||  1268
       Swamp dragon scal |       |       |       |       |       |   249 |   163 ||   412
Dodge: Dodged            |    31 |   104 |   221 |   255 |   415 |   782 |   276 ||  2084
Block: Shield            |       |       |       |   299 |   782 |  1015 |   286 ||  2382
       Rpst.: Scimitar   |       |       |       |       |     2 |     7 |       ||     9

Table legend:
 A = Spawn XP
 B = Non-spawn XP
 C = Spawn XP percentage of total XP
 D = Spawn monster count
 E = Non-spawn monster count
 F = Spawn count percentage of total count
 G = Total turns spent on level
                    A         B        C        D         E        F      G
               +---------+---------+-------+---------+---------+-------+---------
         Total |       0 |  347005 |   0.0 |       0 |    1162 |   0.0 | 62700
               +---------+---------+-------+---------+---------+-------+---------
           D:1 |       0 |      34 |   0.0 |       0 |      20 |   0.0 |  2290
           D:2 |       0 |     129 |   0.0 |       0 |      28 |   0.0 |  1310
           D:3 |       0 |     205 |   0.0 |       0 |      24 |   0.0 |   725
           D:4 |       0 |    1078 |   0.0 |       0 |      24 |   0.0 |  1250
           D:5 |       0 |     147 |   0.0 |       0 |      14 |   0.0 |  1415
           D:6 |       0 |     475 |   0.0 |       0 |      13 |   0.0 |   888
           D:7 |       0 |    1660 |   0.0 |       0 |      29 |   0.0 |  1956
           D:8 |       0 |    2492 |   0.0 |       0 |      42 |   0.0 |  1670
           D:9 |       0 |    3978 |   0.0 |       0 |      41 |   0.0 |  2199
          D:10 |       0 |    4154 |   0.0 |       0 |      36 |   0.0 |  1427
          D:11 |       0 |    1553 |   0.0 |       0 |      12 |   0.0 |  1105
          D:12 |       0 |    8544 |   0.0 |       0 |      55 |   0.0 |  1714
          D:13 |       0 |    9253 |   0.0 |       0 |      54 |   0.0 |  2131
          D:14 |       0 |   19179 |   0.0 |       0 |      66 |   0.0 |  1882
          D:15 |       0 |   18359 |   0.0 |       0 |      51 |   0.0 |  1582
        Lair:1 |       0 |    5120 |   0.0 |       0 |      14 |   0.0 |  1737
        Lair:2 |       0 |    8803 |   0.0 |       0 |      26 |   0.0 |  2644
        Lair:3 |       0 |    2299 |   0.0 |       0 |      10 |   0.0 |  1356
        Lair:4 |       0 |    7254 |   0.0 |       0 |      21 |   0.0 |  2704
        Lair:5 |       0 |    6685 |   0.0 |       0 |      11 |   0.0 |  1355
        Lair:6 |       0 |   12182 |   0.0 |       0 |      66 |   0.0 |  2683
       Swamp:1 |       0 |   14861 |   0.0 |       0 |      33 |   0.0 |  3012
       Swamp:2 |       0 |   14214 |   0.0 |       0 |      39 |   0.0 |  2111
       Swamp:3 |       0 |    9680 |   0.0 |       0 |      18 |   0.0 |  1925
       Swamp:4 |       0 |   18499 |   0.0 |       0 |      34 |   0.0 |  1984
      Spider:1 |       0 |   19767 |   0.0 |       0 |      54 |   0.0 |  3336
      Spider:2 |       0 |   21319 |   0.0 |       0 |      54 |   0.0 |  1810
      Spider:3 |       0 |   16130 |   0.0 |       0 |      43 |   0.0 |  1534
      Spider:4 |       0 |   46157 |   0.0 |       0 |      67 |   0.0 |  2992
      Vaults:1 |       0 |   38522 |   0.0 |       0 |      47 |   0.0 |  3660
      Vaults:2 |       0 |   20961 |   0.0 |       0 |      40 |   0.0 |   349
        Bailey |       0 |    3179 |   0.0 |       0 |      42 |   0.0 |  1239
         IceCv |       0 |    5475 |   0.0 |       0 |      20 |   0.0 |  1163
       Volcano |       0 |    4658 |   0.0 |       0 |      14 |   0.0 |  1456
               +---------+---------+-------+---------+---------+-------+---------
